 Dungeon Crawl Stone Soup version 0.23.2-40-g277498a001 (webtiles) character file.

Game seed: 18103101736651065514

53 Leekoo the Poker (level 3, -1/30 HPs)
             Began as a Merfolk Abyssal Knight on Sept 28, 2019.
             Was a Follower of Lugonu.
             Killed from afar by an orc wizard (9 damage)
             ... with a puff of frost
             ... on level 2 of the Dungeon.
             The game lasted 00:07:38 (1925 turns).

Leekoo the Poker (Merfolk Abyssal Knight)           Turns: 1925, Time: 00:07:38

Health: -1/30      AC:  3    Str: 13    XL:     3   Next: 89%
Magic:  4/4        EV: 13    Int: 11    God:    Lugonu [*.....]
Gold:   59         SH:  0    Dex: 13    Spells: 2/2 levels left

rFire    . . .     SeeInvis .   a - +1 spear
rCold    . . .     Gourm    .   (no shield)
rNeg     . . .     Faith    .   b - +0 leather armour
rPois    .         Spirit   .   (no helmet)
rElec    .         Reflect  .   (no cloak)
rCorr    .         Harm     .   (no gloves)
MR       .....                  (no boots)
Stlth    +.........             (no amulet)
HPRegen  0.10/turn              (no ring)
MPRegen  0.09/turn              (no ring)

@: no status effects
A: change form in water, swift swim, stealthy swim
a: Depart the Abyss, Renounce Religion


You were on level 2 of the Dungeon.
You worshipped Lugonu.
Lugonu was aware of your devotion.
You were not hungry.

You visited 1 branch of the dungeon, and saw 2 of its levels.
You visited the Abyss 1 time.

You collected 59 gold pieces.

Inventory:

Hand Weapons
 a - a +1 spear (weapon)
Armour
 b - a +0 leather armour (worn)
Scrolls
 d - a scroll of blinking {unknown}
 e - a scroll of remove curse {unknown}
 j - 3 scrolls of identify {unknown}
Potions
 f - a potion of lignification {unknown}
 g - a potion of degeneration {unknown}
 h - 2 potions of heal wounds {unknown}
 k - a potion of curing {unknown}
Comestibles
 c - 3 rations
 i - 9 chunks of flesh


   Skills:
 + Level 3.7 Fighting
 * Level 4.4 Polearms
 - Level 0.6 Armour
 + Level 3.3 Dodging
 + Level 2.5 Invocations


You had 2 spell levels left.
You didn't know any spells.
Your spell library was empty.

Dungeon Overview and Level Annotations

Branches:
Dungeon (2/15)

Altars:
Fedhas


Message History

The orc priest hits the plant with a +0 club.
The orc hits the fungus with a +0 dagger.
The frilled lizard bites the plant but does no damage.
The orc hits the plant but does no damage.
The plant looks as sick as possible!
The orc hits the fungus.
The frilled lizard bites the fungus.
The orc hits the fungus with a +0 dagger.
The frilled lizard bites the plant but does no damage.
The orc wizard barely misses you.
The frilled lizard bites the fungus.
The orc hits something with a +0 dagger.
The frilled lizard bites the plant but does no damage.
The frilled lizard bites something.
The orc wizard completely misses you.
The frilled lizard bites the fungus but does no damage.
The orc wizard points at you and mumbles some strange words.
The magic dart hits you.
* * * LOW HITPOINT WARNING * * *
The orc wizard gestures at you while chanting.
The puff of frost hits you!
You die... ..oPPP[.# #..##.# #.#.. .lPPP.P.## ##.##÷# #.### #PP_PPo.#

###....# #.# # ..PPPP.#.##
#......# #÷# # ...PoPo#..#
#...##.###)###
.####.o##.#####
#...###......#. #.#
#.o...##.... ##.....[.. #.
#####o##(#.# #.........
##.# #.@..#.# #.........
..# #..###.# #.........
... #....#.###........>
#.###.##...............
#...#.# ##......(......
#...####.##.#........
##..#....##.##.....#.
########.#.##.##..##.....#
#..........##.###.........


You could see an orc wizard.

Vanquished Creatures
  An adder (D:2)
  An ooze (D:2)
  A dart slug (D:1)
  3 leopard geckos
  A ball python (D:1)
  4 bats
  A giant cockroach (D:1)
  A goblin (D:2)
  2 hobgoblins
  4 jackals (D:2)
  8 kobolds
  2 frilled lizards
  6 rats
  A plant (D:1)
36 creatures vanquished.

Vanquished Creatures (others)
  A fungus (D:2)
1 creature vanquished.

Grand Total: 37 creatures vanquished

Notes
Turn   | Place    | Note
-------+----------+-------------------------------------------
     0 | Abyss:1  | Leekoo the Merfolk Abyssal Knight began the quest for the
                  | Orb.
     0 | Abyss:1  | Reached XP level 1. HP: 18/18 MP: 2/2
    82 | Abyss:1  | Noticed a smoke demon
    83 | D:1      | Escaped the Abyss
   503 | D:1      | Reached XP level 2. HP: 24/24 MP: 3/3
   626 | D:1      | Reached * piety under Lugonu
  1391 | D:1      | Reached XP level 3. HP: 29/29 MP: 4/4
  1511 | D:2      | Reached skill level 4 in Polearms
  1905 | D:2      | Found a blossoming altar of Fedhas.
  1925 | D:2      | Killed from afar by an orc wizard

Skill      XL: |  1  2  3 |
---------------+----------+-----
Dodging        | 3 |  3.3
Polearms       | 4 |  4.4
Fighting       | |  3.7
Armour         | |  0.6
Invocations    | |  2.5

Action                   || total
-------------------------++-------
Melee: Spear             ||   170
Invok: Depart the Abyss  ||     1
  Eat: Chunk             ||     3
Armor: Leather armour    ||    14
Dodge: Dodged            ||    78
